 Seeded DCSS version 0.30.1-9-gdf580d7c3d (webtiles) character file.

Game seed: 920673320228942481 (custom seed)

20 Psyclone the Conjurer (level 2, -3/15 HPs)
             Began as a Deep Elf Conjurer on Oct 9, 2023.
             Slain by Natasha (8 damage)
             ... on level 2 of the Dungeon.
             The game lasted 00:01:33 (1068 turns).

Psyclone the Conjurer (Deep Elf Conjurer)           Turns: 1068, Time: 00:01:33

Health: -3/15      AC:  2    Str:  4    XL:     2   Next: 58%
Magic:  1/8        EV: 12    Int: 22    God:
Gold:   27         SH:  0    Dex: 13    Spells: 6/7 levels left

rFire   . . .        (no weapon)
rCold   . . .        (no shield)
rNeg    . . .        a - +0 robe
rPois   .            (no helmet)
rElec   .            (no cloak)
rCorr   .            (no gloves)
SInv    .            (no boots)
Will    .....        (no amulet)
Stlth   ++           (no ring)
HPRegen 0.22/turn    (no ring)
MPRegen 0.11/turn

%: no passive effects
@: slowed, very slow
A: no striking features
a: no special abilities


You were on level 2 of the Dungeon.
You visited 1 branch of the dungeon, and saw 2 of its levels.

You collected 27 gold pieces.

Inventory:

Armour
 a - a +0 robe (worn)
Jewellery
 d - a ring of resist corrosion
Scrolls
 c - 3 scrolls of acquirement {unknown}
Potions
 b - a potion of magic
 e - a potion of heal wounds {unknown}
 f - a potion of brilliance {unknown}
 g - a potion of lignification {unknown}
 h - a potion of cancellation {unknown}


   Skills:
 - Level 2.4 Dodging
 - Level 2.4 Stealth
 - Level 3.0 Spellcasting
 + Level 5.2 Conjurations


You had 6 spell levels left.
You knew the following spells:

 Your Spells              Type           Power      Damage    Failure   Level
a - Magic Dart            Conj           100%       1d8       1%          1

Your spell library contained the following spells:

 Spells                   Type           Power      Damage    Failure   Level
 Searing Ray              Conj           52%        2d6       2%          2
 Kiss of Death            Conj/Necr      56%        2d9       4%          1
 Dazzling Flash           Conj/Hex       28%        N/A       13%         3
 Confusing Touch          Hex            3%         N/A       36%         3
 Fulminant Prism          Conj/Hex       7%         3d7       38%         4
 Iskenderun's Mystic Bla  Conj/Tloc      14%        2d5       38%         4
 Dispel Undead            Necr           3%         3d7       77%         4


Dungeon Overview and Level Annotations

Branches:
Dungeon (2/15) Zot: 10929

Altars:

Annotations:
D:2 1 runed translucent door, Crazy Yiuf, Natasha


Message History

Press: ? - help, Shift-Dir - straight line, f/p - Natasha
Aim: Natasha (lightly wounded, 100% to hit)
The magic dart hits Natasha.
Natasha is heavily wounded.
You now have 1/8 mp.
Casting: Magic Dart (safe; 1% risk of failure)
Confirm with . or Enter, or press ? or * to list all spells.
Aiming: Magic Dart (safe; 1% risk of failure)
Press: ? - help, Shift-Dir - straight line, f/p - Natasha
Aim: Natasha (heavily wounded, 100% to hit)
The magic dart hits Natasha.
Natasha is heavily wounded.
The adder bites you.
Natasha stares at you and mumbles some strange words.
You feel as though you will be slow longer.
The adder bites you. Natasha claws you.
Casting: Magic Dart (safe; 1% risk of failure)
Confirm with . or Enter, or press ? or * to list all spells.
You don't have enough magic to cast this spell.
You take 4 damage, and have 11/15 hp.
MASSIVE DAMAGE!!
You now have 0/8 mp.
Casting: Magic Dart (safe; 1% risk of failure)
Confirm with . or Enter, or press ? or * to list all spells.
You don't have enough magic to cast this spell.
Unknown command.
Casting: Magic Dart (safe; 1% risk of failure)
Confirm with . or Enter, or press ? or * to list all spells.
You don't have enough magic to cast this spell.
Unknown command.
Casting: Magic Dart (safe; 1% risk of failure)
Confirm with . or Enter, or press ? or * to list all spells.
You don't have enough magic to cast this spell.
Unknown command.
Casting: Magic Dart (safe; 1% risk of failure)
Confirm with . or Enter, or press ? or * to list all spells.
You don't have enough magic to cast this spell.
Natasha attacks as you move away! Natasha claws you. The adder bites you.
You take 6 damage, and have 5/15 hp.
MASSIVE DAMAGE!!
Natasha attacks as you move away! Natasha claws you!
Ouch! That really hurt!
You die...

#.# #.# #. ##'# #.# #.
##...## #.# #. ##.....##
#.# #. ..##.......## ##.##
#.
..#.........####...######.
.'.........'.............
#.........####...##.###.
#.)..S@.# ##.....# ##
##...h.## ##.#### #
##...## #.# # ##'## #.# #
#.# #.# # ##.####### #.# #
#........# #.# #
##...####.# #.# #
..>.....###.####.# #


You could see Natasha and an adder.

Vanquished Creatures
  A dart slug (D:2)
  A bat (D:2)
  3 endoplasms (D:2)
  A giant cockroach (D:2)
  2 goblins (D:2)
  A hobgoblin (D:2)
  A quokka (D:2)
  3 ball pythons
  2 kobolds (D:2)
15 creatures vanquished.

Notes
Turn   | Place    | Note
-------+----------+-------------------------------------------
     0 | D:1      | Psyclone the Deep Elf Conjurer began the quest for the Orb.
     0 | D:1      | Reached XP level 1. HP: 10/10 MP: 6/6
   334 | D:2      | Reached XP level 2. HP: 15/15 MP: 5/8
   374 | D:2      | Reached skill level 5 in Conjurations
   558 | D:2      | Found a runed translucent door.
   559 | D:2      | Noticed Crazy Yiuf
  1059 | D:2      | Noticed Natasha
  1068 | D:2      | Slain by Natasha

Illustrated notes

Levels and vault maps discovered:
D:1:      dpeg_arrival_orchard, layout_basic
D:2:      layout_loops_corners, uniq_natasha, uniq_crazy_yiuf_cottage

Skill      XL: |  1  2 |
---------------+-------+-----
Conjurations   | 5 |  5.2
Dodging        | |  2.4
Stealth        | |  2.4
Spellcasting   | |  3.0

Action                     || total
---------------------------++-------
   Cast: Magic Dart        ||    33
